 Dungeon Crawl Stone Soup version 0.26-a0-668-gd58323b419 (webtiles) character file.

Game seed: 3477902249036611259

65663 jasper the Cruncher (level 15, -1/122 HPs)
             Began as a Human Gladiator on Oct 18, 2020.
             Was an Initiate of Gozag.
             Slain by Jorgrun
             ... wielding an uncursed staff of earth
              (7 damage)
             ... while petrified by Jorgrun
             ... on level 15 of the Dungeon.
             The game lasted 00:59:51 (30368 turns).

jasper the Cruncher (Human Gladiator)              Turns: 30368, Time: 00:59:52

Health: -1/122     AC: 22    Str: 15    XL:     15   Next: 59%
Magic:  15/15      EV: -1    Int:  9    God:    Gozag
Gold:   3712       SH:  0    Dex: 20    Spells: 14/14 levels left

rFire    + . .     SeeInvis +   a - +0 quarterstaff
rCold    + + .     Faith    .   (shield currently unavailable)
rNeg     + + +     Spirit   .   r - +1 chain mail {rF+}
rPois    ∞         Reflect  .   c - +1 helmet
rElec    .         Harm     .   U - +1 cloak {rC+}
rCorr    .         Rampage  .   W - +2 pair of gloves
MR       +....                  Q - +0 pair of boots
Stlth    ..........             L - amulet of regeneration
HPRegen  0.70/turn              V - ring of protection from cold
MPRegen  0.14/turn              g - ring of Circularity {Slay+2 SInv Stlth+}

@: mighty, petrified, grasped by roots, gold aura, slowed, constricted
A: no striking features
a: Potion Petition, Call Merchant, Bribe Branch, Renounce Religion


You were on level 15 of the Dungeon.
You worshipped Gozag.
Gozag was most pleased with you.
You visited 4 branches of the dungeon, and saw 23 of its levels.
You also visited: Sewer, Ice Cave and Volcano.

You collected 5370 gold pieces.
You spent 427 gold pieces at shops.
You paid 1231 gold pieces to Gozag.

Inventory:

Hand Weapons
 a - a +0 quarterstaff (weapon)
 b - a +0 fustibalus of flaming
 G - a +0 hunting sling
Missiles
 e - 430 stones (quivered)
 y - 177 sling bullets
Armour
 c - a +1 helmet (worn)
 r - a +1 chain mail of fire resistance (worn)
 v - the -3 pair of boots "Pestras" {Regen+}
   (You found it on level 6 of the Dungeon)

   It increases your rate of regeneration.
 Q - a +0 pair of boots (worn)
 U - a +1 cloak of cold resistance (worn)
 W - a +2 pair of gloves (worn)
Jewellery
 f - an uncursed ring of resist corrosion
 g - the ring of Circularity (right hand) {Slay+2 SInv Stlth+}
   (You acquired it on level 12 of the Dungeon)

   [ring of stealth]

   It affects your accuracy and damage with ranged weapons and melee attacks
   (+2).
   It lets you see invisible.
   It makes you more stealthy.
 L - an amulet of regeneration (around neck)
 O - an uncursed ring of protection from fire
 P - an uncursed ring of ice
 V - a ring of protection from cold (left hand)
 X - an uncursed ring of see invisible
 Y - a +4 ring of evasion {unknown}
Wands
 F - a wand of enslavement (30)
 H - a wand of disintegration (15)
 I - a wand of flame (25)
 M - a wand of polymorph (28)
 S - a wand of digging (3)
 Z - a wand of random effects (19)
Scrolls
 h - 8 scrolls of immolation
 k - 6 scrolls of enchant weapon
 l - 8 scrolls of remove curse
 m - 2 scrolls of blinking
 o - 5 scrolls of enchant armour
 p - 6 scrolls of fog
 s - 4 scrolls of teleportation
 t - 4 scrolls of noise
 x - 2 scrolls of magic mapping
 z - 2 scrolls of random uselessness
 B - 3 scrolls of amnesia
 D - a scroll of vulnerability
 E - 3 scrolls of identify
 J - a scroll of summoning
Potions
 d - a potion of lignification {unknown}
 i - 4 potions of curing
 j - 3 potions of degeneration
 n - 4 potions of resistance
 q - 2 potions of flight
 u - 5 potions of brilliance
 w - 5 potions of stabbing
 A - 3 potions of magic {unknown}
 C - 12 potions of mutation
 K - 8 potions of ambrosia
Miscellaneous
 R - a phial of floods (inert)


   Skills:
 - Level 12.4 Fighting
 - Level 14.0 Staves
 * Level 13.8(13.9) Slings
 - Level 2.0(9.4) Throwing
 - Level 10.3 Armour
 - Level 8.0 Dodging


You had 14 spell levels left.
You didn't know any spells.
Your spell library contained the following spells:

 Spells                   Type           Power        Failure   Level
 Animate Skeleton         Necr           #.....       99%         1
 Pain                     Necr           #...         99%         1
 Summon Small Mammal      Summ           #...         99%         1
 Call Imp                 Summ           #.......     100%        2
 Slow                     Hex            #.......     100%        2
 Call Canine Familiar     Summ           #.......     100%        3
 Confusing Touch          Hex            #.......     100%        3
 Gell's Gravitas          Tloc           #.........   100%        3
 Summon Guardian Golem    Hex/Summ       #.......     100%        3
 Vampiric Draining        Necr           #.........   100%        3
 Animate Dead             Necr           #.........   100%        4
 Ice Form                 Ice/Tmut       #.......     100%        4
 Petrify                  Tmut/Erth      #.......     100%        4
 Summon Ice Beast         Ice/Summ       #.......     100%        4
 Summon Lightning Spire   Summ/Air       #.......     100%        4
 Agony                    Necr           #.......     100%        5
 Metabolic Englaciation   Hex/Ice        #.........   100%        5
 Silence                  Hex/Air        #.........   100%        5
 Yara's Violent Unravell  Hex/Tmut       #.........   100%        5
 Freezing Cloud           Conj/Ice/Air   #.........   100%        6
 Ozocubu's Refrigeration  Ice            #.........   100%        6
 Simulacrum               Ice/Necr       #.........   100%        6


Dungeon Overview and Level Annotations

Branches:
Dungeon (15/15)            Temple (1/1) D:7            Lair (6/6) D:10
  Swamp (0/4) Lair:3        Snake (0/4) Lair:4        Slime (0/5) Lair:6
    Orc (1/2) D:10         Vaults (0/5) D:13         Depths (0/5) D:15
  Sewer (visited)           IceCv (visited)         Volcano (visited)

Altars:
Ashenzari
Cheibriados
Dithmenos
Elyvilon
Fedhas
Gozag
Hepliaklqana
Kikubaaqudgha
Makhleb
Nemelex Xobeh
Okawaru
Qazlal
Ru
Sif Muna
Trog
Uskayaw
Vehumet
Wu Jian
Xom
Yredelemnul
Zin
The Shining One
Jiyva

Shops:
D:11 ?

Portals:
Trove: D:15 (give 8 scrolls of fear)

Annotations:
D:9 exclusion: downstairs
D:15 Jorgrun


Message History

* * * LOW HITPOINT WARNING * * *
The grasping roots constrict you!
The freezing wraith hits you but does no damage. x2
* * * LOW HITPOINT WARNING * * *
The grasping roots constrict you.
You hear a splash. x2
The freezing wraith hits you but does no damage. x2
The grasping roots constrict you.
The freezing wraith hits you but does no damage.
The freezing wraith hits you. The freezing wraith drains your vigour!
You feel as though you will be slow longer.
Jorgrun hits you but does no damage.
* * * LOW HITPOINT WARNING * * *
The grasping roots constrict you!
The freezing wraith hits you but does no damage.
The freezing wraith hits you.
Jorgrun hits you with an uncursed staff of earth.
* * * LOW HITPOINT WARNING * * *
You die...
Your body crumbles into a pile of gold.

,.................###.# *...,,,
,...........#.......#.##* **,,,,,
,.....$......^###.##*...######>##
,...........#.###.# **#..##..###.
,..........#.#.##.####*#^##......
,....................###.........
,..........###....[.[)...........
,..........# #.W.....)[..........
,.........## #.q@....######......
,.........# #.......#######.....
*........## #......##.....#.....
*#......## #.......#.+++.##...#
#######* #.......'.'∩+.######
#......##.+++.# #########.....#
#######


You could see Jorgrun and a freezing wraith.

Vanquished Creatures
  A frost giant (IceCv)
  A red draconian (Volcano)
  A yaktaur captain (D:13)
  Fannar (D:12)
  5 hydras
  2 catoblepae
  An ogre mage (Volcano)
  6 death yaks (Lair:6)
  3 centaur warriors
  11 two-headed ogres
  Nergalle (D:10)
  A shock serpent (shapeshifter) (D:15)
  A fire crab (Lair:5)
  2 unseen horrors
  A manticore (D:11)
  A black mamba (Lair:6)
  5 elephants (Lair:6)
  An ice statue (IceCv)
  6 cane toads
  2 gargoyles (D:10)
  4 komodo dragons
  A rime drake (shapeshifter) (D:15)
  3 rime drakes
  3 yaktaurs
  2 tengu conjurers
  A meliai (shapeshifter) (D:15)
  16 polar bears
  6 trolls
  3 meliai (D:13)
  A queen bee (D:13)
  Prince Ribbit (D:6)
  36 blink frogs
  A bog body (Lair:3)
  12 dream sheep
  A tarantella (shapeshifter) (D:15)
  A vampire (D:10)
  A wyvern (Lair:6)
  34 yaks
  A wraith (D:13)
  6 basilisks
  2 vampire mosquitoes (D:10)
  A steam dragon (D:11)
  3 nagas (Lair:4)
  A soldier ant (D:11)
  2 acid dragons
  6 water moccasins
  5 orc warriors
  A phantom (D:5)
  4 ice beasts
  4 sky beasts
  A black bear (D:8)
  3 centaurs
  6 ogres
  3 boggarts (D:15)
  22 wolves
  2 big kobolds (D:10)
  15 bullfrogs
  A wyvern skeleton (D:12)
  3 scorpions
  27 killer bees
  A water moccasin skeleton (D:9)
  19 wights
  4 electric eels
  2 howler monkeys (D:9)
  2 centaur zombies
  2 bullfrog zombies
  5 hounds
  A quasit (Lair:1)
  7 orc wizards
  2 centaur skeletons
  5 jellies
  3 bullfrog skeletons
  5 orc priests
  6 iguanas
  9 worker ants
  A hound zombie (D:10)
  3 hound skeletons
  Robin (D:3)
  A worker ant zombie (D:10)
  12 gnolls
  11 adders
  A shadow imp (D:6)
  13 white imps
  2 ufetubi
  An ooze (D:1)
  An adder skeleton (D:7)
  4 adder zombies
  7 worms
  A dart slug (D:1)
  3 leopard geckos
  44 orcs
  6 giant cockroaches
  10 goblins
  11 hobgoblins
  13 jackals
  8 quokkas
  2 ball pythons
  2 bats (D:1)
  5 frilled lizards
  6 kobolds
  A quokka skeleton (D:5)
  3 quokka zombies
  3 rats
548 creatures vanquished.

Vanquished Creatures (others)
  An unseen horror (D:14)
  A bog body (Lair:3)
  A warg (D:15)
  A human (D:8)
  An orc wizard (D:7)
  An orc (D:15)
  27 fungi
  108 plants
141 creatures vanquished.

Grand Total: 689 creatures vanquished

Notes
Turn   | Place    | Note
-------+----------+-------------------------------------------
     0 | D:1      | jasper the Human Gladiator began the quest for the Orb.
     0 | D:1      | Reached XP level 1. HP: 16/16 MP: 1/1
   344 | D:1      | Reached XP level 2. HP: 22/22 MP: 2/2
   907 | D:2      | Reached skill level 4 in Staves
   907 | D:2      | Reached XP level 3. HP: 27/27 MP: 3/3
  1269 | D:1      | Reached XP level 4. HP: 19/33 MP: 4/4
  1712 | D:2      | Reached skill level 5 in Staves
  1992 | D:2      | Reached XP level 5. HP: 35/38 MP: 5/5
  2715 | D:3      | Reached skill level 6 in Staves
  2733 | D:3      | Reached XP level 6. HP: 12/44 MP: 6/6
  2994 | D:3      | Found an iron altar of Okawaru.
  3102 | D:3      | Noticed Robin
  3132 | D:3      | Killed Robin
  3880 | D:4      | Found a glowing drain.
  3927 | Sewer    | Entered a sewer
  3972 | D:4      | Reached skill level 1 in Slings
  4338 | D:4      | Noticed an ogre
  4349 | D:4      | Killed an ogre
  4471 | D:4      | Reached XP level 7. HP: 36/50 MP: 7/7
  5089 | D:5      | Entered Level 5 of the Dungeon
  5147 | D:5      | Reached skill level 7 in Staves
  5714 | D:5      | Reached skill level 8 in Staves
  5884 | D:5      | Reached XP level 8. HP: 32/56 MP: 8/8
  6281 | D:5      | Reached skill level 9 in Staves
  6640 | D:5      | Found a sparkling altar of Nemelex Xobeh.
  7231 | D:6      | Got a pair of steaming boots
  7237 | D:6      | Identified the cursed -3 pair of boots "Pestras" {Regen+}
                  | (You found it on level 6 of the Dungeon)
  7519 | D:6      | Identified the cursed +0 dagger "Vipijang" {vorpal, Str+4}
  7964 | D:6      | Found a broken altar of Ashenzari.
  7968 | D:6      | Saw a vision of the Swamp and the Snake Pit.
  7968 | D:6      | Noticed a naga warrior
  7968 | D:6      | Noticed a hornet
  7968 | D:6      | Noticed an alligator
  7968 | D:6      | Noticed an alligator
  7968 | D:6      | Noticed a shock serpent
  7968 | D:6      | Noticed an alligator
  7968 | D:6      | Noticed an anaconda
  7968 | D:6      | Noticed a naga warrior
  7968 | D:6      | Noticed a naga sharpshooter
  7969 | D:6      | Noticed a salamander
  8085 | D:6      | Reached skill level 10 in Staves
  8167 | D:6      | Reached skill level 1 in Armour
  8459 | D:6      | Reached XP level 9. HP: 62/62 MP: 9/9
  8808 | D:7      | Found a staircase to the Ecumenical Temple.
  8816 | Temple   | Entered the Ecumenical Temple
  9493 | D:7      | Reached skill level 5 in Fighting
  9571 | D:7      | Noticed Prince Ribbit
  9597 | D:6      | Killed Prince Ribbit
 10152 | D:8      | Found a shadowy altar of Dithmenos.
 10154 | D:8      | Found an opulent altar of Gozag.
 10158 | D:8      | Found a bloodstained altar of Trog.
 10163 | D:8      | Became a worshipper of Gozag Ym Sagoz the Greedy
 10331 | D:8      | Reached XP level 10. HP: 66/76 MP: 10/10
 10530 | D:8      | Found an ancient bone altar of Kikubaaqudgha.
 10695 | D:8      | Found a burning altar of Makhleb.
 10811 | D:9      | Noticed a two-headed ogre
 10827 | D:9      | Killed a two-headed ogre
 10827 | D:9      | Reached skill level 11 in Staves
 11273 | D:9      | Reached skill level 5 in Armour
 11550 | D:9      | Noticed a two-headed ogre
 11568 | D:9      | Killed a two-headed ogre
 11689 | D:9      | Found a blossoming altar of Fedhas.
 11900 | D:10     | Entered Level 10 of the Dungeon
 11900 | D:10     | Noticed a two-headed ogre
 11934 | D:10     | Noticed Nergalle
 11945 | D:10     | Noticed a spectral orc warlord
 12032 | D:9      | hello
 12081 | D:9      | Killed a two-headed ogre
 12081 | D:9      | Reached XP level 11. HP: 52/87 MP: 11/11
 12199 | D:11     | Noticed a two-headed ogre
 12210 | D:11     | Killed a two-headed ogre
 12614 | D:11     | Found Cees's Magic Scroll Shop.
 12620 | D:11     | Bought a scroll of teleportation for 42 gold pieces
 12620 | D:11     | Bought a scroll of identify for 28 gold pieces
 12620 | D:11     | Bought a scroll of immolation for 49 gold pieces
 12620 | D:11     | Bought a scroll of identify for 28 gold pieces
 12620 | D:11     | Bought a scroll of identify for 28 gold pieces
 12620 | D:11     | Bought a scroll of teleportation for 42 gold pieces
 12620 | D:11     | Bought a scroll of immolation for 49 gold pieces
 12620 | D:11     | Bought a scroll of immolation for 49 gold pieces
 12620 | D:11     | Bought 3 scrolls of identify for 84 gold pieces
 12620 | D:11     | Bought a scroll of identify for 28 gold pieces
 12824 | D:11     | Noticed a manticore
 12846 | D:11     | Killed a manticore
 13704 | D:12     | Noticed Fannar
 13728 | D:12     | Killed Fannar
 13728 | D:12     | Reached skill level 10 in Fighting
 14286 | D:12     | Reached skill level 12 in Staves
 14807 | D:12     | Identified the Catalogue of Malediction
 14871 | D:12     | Identified a scroll of acquirement
 14872 | D:12     | Acquired the ring of Circularity {Slay+2 SInv Stlth+}
 15150 | D:10     | Noticed a two-headed ogre
 15166 | D:10     | Killed a two-headed ogre
 15611 | D:10     | Noticed a two-headed ogre
 15630 | D:10     | Killed a two-headed ogre
 15641 | D:10     | Reached XP level 12. HP: 68/98 MP: 12/12
 15653 | D:10     | Noticed a catoblepas
 15663 | D:10     | Reached skill level 13 in Staves
 15683 | D:10     | HP: 3/98 [catoblepas (23)]
 15872 | D:10     | Killed Nergalle
 15926 | D:10     | Noticed a centaur warrior
 15947 | D:10     | Killed a centaur warrior
 16025 | D:10     | Killed a catoblepas
 16327 | D:10     | Reached skill level 14 in Staves
 16498 | D:10     | Noticed a two-headed ogre
 16524 | D:10     | Killed a two-headed ogre
 16803 | D:10     | Found a staircase to the Lair.
 17258 | D:10     | Found a staircase to the Orcish Mines.
 17393 | D:10     | Identified the +10 falchion of the Warrior-Mage {venom,
                  | +Inv rC+ Stlth+}
 17437 | Lair:1   | Entered Level 1 of the Lair of Beasts
 17637 | Lair:1   | Found a dark tunnel.
 17642 | Volcano  | Entered a volcano
 17664 | Volcano  | Noticed a two-headed ogre
 17674 | Volcano  | Killed a two-headed ogre
 17704 | Volcano  | Noticed a two-headed ogre
 17704 | Volcano  | Noticed a red draconian
 17720 | Volcano  | Killed a two-headed ogre
 17751 | Volcano  | Killed a red draconian
 17751 | Volcano  | Reached skill level 5 in Slings
 17949 | Volcano  | Noticed a two-headed ogre
 17949 | Volcano  | Noticed a two-headed ogre
 17949 | Volcano  | Noticed an ogre mage
 17987 | Volcano  | Killed a two-headed ogre
 17987 | Volcano  | Reached XP level 13. HP: 63/105 MP: 13/13
 18460 | Lair:2   | Reached skill level 5 in Dodging
 20105 | Lair:3   | Noticed a four-headed hydra
 20123 | Lair:3   | Killed a four-headed hydra
 20425 | Lair:3   | You fall into a shaft and drop 1 floor!
 20425 | Lair:4   | Found a staircase to the Snake Pit.
 20787 | Lair:3   | Found a staircase to the Swamp.
 21355 | Lair:4   | Noticed a catoblepas
 21373 | Lair:4   | Killed a catoblepas
 21755 | Lair:4   | Noticed a six-headed hydra
 21766 | Lair:4   | Killed a six-headed hydra
 22543 | Lair:5   | Reached XP level 14. HP: 101/114 MP: 14/14
 23287 | Lair:6   | Entered Level 6 of the Lair of Beasts
 23831 | Lair:6   | Reached skill level 10 in Armour
 23835 | Lair:6   | Reached skill level 10 in Slings
 24696 | Lair:6   | Found a staircase to the Slime Pits.
 24696 | Lair:6   | Found a viscous altar of Jiyva.
 25504 | Orc:1    | Entered Level 1 of the Orcish Mines
 25826 | D:13     | Found a frozen archway.
 25878 | IceCv    | Entered an ice cave
 26064 | IceCv    | Reached XP level 15. HP: 42/122 MP: 15/15
 26898 | IceCv    | Noticed a frost giant
 26961 | IceCv    | Killed a frost giant
 27911 | D:13     | Found a gate to the Vaults.
 28797 | D:13     | Identified the +4 long sword of the Saving Viper {holy,
                  | Str+6 Int+2}
 29888 | D:15     | Entered Level 15 of the Dungeon
 29988 | D:15     | Found a portal to a secret trove of treasure.
 30142 | D:15     | Noticed Jorgrun
 30368 | D:15     | HP: 6/122 [Jorgrun/uncursed staff of earth (1)]
 30368 | D:15     | Slain by Jorgrun

Illustrated notes

#.#
#............#.#..#
##.# #.#
#.##.....#####....#
#.# #.#
#.###..>........#.#
#.) #.# #.#
#...######....# ###
#.# #.#######
#(#.##
###.######....####
#.#.#
.................#
#.#.#
####.#.#.####.##>#
#.#.# .......#.#
#.##@# #.#.#
####.###.# #.##.#
#.#.#
#.###.####.##.####
#.#.#
#....#...........#
#.#.#
#####.###..##.##.#
#.#.# #.#
#..##.##.# #.#.#
#.#
#..##.##.###.#.#
########.#
#..#.........#.#
### )........#
#..#.###.#####.#
#..


Turn 12032 on D:9: hello

Levels and vault maps discovered:
D:1:      dpeg_arrival_arbitrary_b, layout_basic
D:2:      minmay_inner_zag, layout_basic, minmay_misc_feat_chi,
          minmay_misc_feat_more_columns
D:3:      layout_basic, okawaru_gym_becter, uniq_robin
D:4:      layout_basic, cheibrodos_sewer_entry_drain, mrwooster_statue_mirror
D:5:      minmay_chambers_of_threes, layout_loops_cross,
          nemelex_xobeh_ov_fountains_minmay, chequers_mini_garden
D:6:      layout_loops_ring, grunt_ashenzari_visionary
          [grunt_ashenzari_visionary_swamp, grunt_ashenzari_visionary_snake]
D:7:      layout_basic, minmay_temple_entry_butterflies, uniq_prince_ribbit1
D:8:      layout_basic, kennysheep_mini, grunt_temple_overflow_open,
          tgw_kikubaaqudgha
D:9:      layout_loops_ring, hangedman_abyss_or_decor_stagger,
          fedhas_altar_fruit_tree
D:10:     hangedman_cross_veins, layout_irregular_city, lair_entry_dummy,
          orc_0_dummy, uniq_nergalle
D:11:     layout_loops_corners, serial_shops, shop, kennysheep_another_room,
          minivault_1
D:12:     layout_irregular_city, uniq_fannar
D:13:     layout_grid_maze, david_vaults_2, portal_ice_cave_entry_imps,
          minivault_7
D:14:     layout_long_grid, kennysheep_treasure_room
D:15:     gammafunk_enter_depths_forms, layout_rooms, enter_trove_6,
          serial_bayou_lagoon_a, minmay_sticks_and_stones, uniq_jorgrun,
          uniq_azrael
Temple:   lightli_temple_of_artemis
Lair:1:   layout_hall_layers, nicolae_volcano_entry_lava_flow,
          infiniplex_staircase_pool
Lair:2:   layout_cave_pods
Lair:3:   layout_loops_ring, skrybe_swamp_entry_bodies, grunt_megastairs_2,
          serial_bayou_shore_a
Lair:4:   layout_hall_layers, guppyfry_snake_entry_island, lemuel_fruit_fields,
          grunt_megastairs_4
Lair:5:   layout_gridlike
Lair:6:   due_jungle_book, layout_long_grid, slime_altar_1, serial_forest,
          infiniplex_forest_3_way, infiniplex_forest_lined_room_3,
          infiniplex_forest_clump_curved, infiniplex_forest_lined_corner,
          minivault_11
Orc:1:    layout_caves, serial_shops, shop, shop, shop, nicolae_shop_crystal

Skill      XL: |  1  2  3  4  5  6  7  8  9 10 11 12 13 14 15 |
---------------+----------------------------------------------+-----
Staves         | 4 5 6 8 10 11 12 14 | 14.0
Slings         | 2 5 8 11 13 | 13.8
Armour         | 1 3 5 7 8 9 10 | 10.3
Fighting       | 6 8 10 11 12 | 12.4
Dodging        | 4 6 8 |  8.0
Throwing       | |  2.0

Action                   |  1- 3 |  4- 6 |  7- 9 | 10-12 | 13-15 || total
-------------------------+-------+-------+-------+-------+-------++-------
Melee: Quarterstaff      |    53 |   185 |   408 |   674 |  1405 ||  2725
 Fire: Hunting sling     |       |    35 |   113 |   165 |       ||   313
       Fustibalus        |       |       |       |       |   463 ||   463
Throw: Throwing net      |     2 |     7 |     1 |       |       ||    10
       Stone             |    20 |    58 |     1 |     7 |     3 ||    89
Invok: Potion Petition   |       |       |       |     1 |     1 ||     2
Evoke: Wand              |       |     2 |    14 |    31 |    10 ||    57
       Phial of floods   |       |       |       |       |     2 ||     2
  Use: Potion            |       |       |     2 |     8 |    13 ||    23
       Scroll            |       |       |     8 |    20 |     9 ||    37
 Stab: Paralysed         |       |     4 |     2 |       |       ||     6
       Distracted        |       |       |       |     1 |     5 ||     6
Armor: Leather armour    |    15 |       |       |       |       ||    15
       Ring mail         |     2 |    60 |     1 |       |       ||    63
       Scale mail        |       |       |   131 |   233 |       ||   364
       Chain mail        |       |       |       |     1 |   794 ||   795
Dodge: Dodged            |    38 |   114 |   178 |   306 |   694 ||  1330

Table legend: (Time is in decaauts)
 A = Elapsed time spent in this place.
 B = Non-inter-level travel time spent in this place.
 C = Inter-level travel time spent in this place.
 D = Time resting spent in this place.
 E = Time spent auto-exploring this place.
 F = Levels seen in this place.
 G = Mean time per level.
                   A        B        C        D        E       F      G
               +--------+--------+--------+--------+--------+-----+--------+
         Total |  29335 |  28193 |   1142 |   5441 |  17005 |  26 | 1128.3 |
       Dungeon |  20050 |  19223 |    827 |   3943 |  11464 |  15 | 1336.7 |
        Temple |    103 |     86 |     17 |      0 |     85 |   1 |  103.0 |
          Lair |   7114 |   6816 |    298 |    931 |   4549 |   6 | 1185.7 |
  Orcish Mines |     34 |     34 |      0 |      0 |     15 |   1 |   34.0 |
         Sewer |     40 |     40 |      0 |      0 |     22 |   1 |   40.0 |
      Ice Cave |   1587 |   1587 |      0 |    443 |    759 |   1 | 1587.0 |
       Volcano |    405 |    405 |      0 |    124 |    110 |   1 |  405.0 |
               +--------+--------+--------+--------+--------+-----+--------+

Top non-repeatable levels by time:
    D:10: 2357 daAuts
    D:13: 2173 daAuts
     D:5: 2113 daAuts
     D:3: 1686 daAuts
   IceCv: 1587 daAuts
     D:6: 1514 daAuts
  Lair:2: 1483 daAuts
    D:11: 1481 daAuts
     D:9: 1419 daAuts
    D:12: 1400 daAuts
  Lair:3: 1391 daAuts
  Lair:6: 1359 daAuts
  Lair:5: 1284 daAuts
     D:4: 1168 daAuts
     D:2: 1157 daAuts
